 Seeded DCSS version 0.29.1-15-g9cfb28693d (webtiles) character file.

Game seed: 14004205871845239922 (custom seed)

3 Mickster the Stinger (level 1, -2/14 HPs)
             Began as a Demigod Wanderer on Feb 22, 2023.
             Slain by an endoplasm (3 damage)
             ... on level 1 of the Dungeon.
             The game lasted 00:02:24 (159 turns).

Mickster the Stinger (Demigod Wanderer)              Turns: 159, Time: 00:02:24

Health: -2/14      AC:  3    Str: 10    XL:     1   Next: 33%
Magic:  5/5        EV: 12    Int: 18    God:
Gold:   17         SH:  0    Dex: 12    Spells: 3/3 levels left

rFire   . . .      SeeInvis .   f - +0 club
rCold   . . .      Faith    .   (no shield)
rNeg    . . .      Spirit   .   c - +0 robe
rPois   .          Reflect  .   (no helmet)
rElec   .          Harm     .   d - +0 cloak
rCorr   .          Rampage  .   (no gloves)
Will    .....                   (no boots)
Stlth   +.........              (no amulet)
HPRegen 0.04/turn               (no ring)
MPRegen 0.09/turn               (no ring)

@: no status effects
A: high MP 1, forlorn, divine attributes
a: no special abilities


You were on level 1 of the Dungeon.
You visited 1 branch of the dungeon, and saw 1 of its levels.

You collected 17 gold pieces.

Inventory:

Hand Weapons
 a - a +0 dagger
 f - a +0 club (weapon)
Armour
 c - a +0 robe (worn)
 d - a +0 cloak (worn)
Scrolls
 e - a scroll of amnesia {unknown}
 g - a scroll of brand weapon {unknown}
Potions
 b - a potion of heal wounds
 h - a potion of might {unknown}


   Skills:
 + Level 1.1 Armour
 + Level 1.9 Dodging
 + Level 1.7 Spellcasting
 + Level 1.8 Necromancy
 + Level 2.6 Poison Magic


You had 3 spell levels left.
You didn't know any spells.
Your spell library contained the following spells:

 Spells                   Type           Power      Damage    Failure   Level
 Necrotise                Necr           32%        1d5       9%          1
 Sting                    Tmut/Pois      24%        1d4       11%         1
 Poisonous Vapours        Pois/Air       12%        N/A       16%         2
 Vampiric Draining        Necr           8%         2d6       26%         3
 Ignite Poison            Fire/Tmut/Pois 4%         N/A       36%         3


Dungeon Overview and Level Annotations

Branches:
Dungeon (1/15)


Innate Abilities, Weirdness & Mutations

You have an increased reservoir of magic. (+10% MP)
You shall have no god before yourself.
Your divine heritage dramatically boosts your attributes as you level up.


Message History

a +0 club; a goblin corpse
f - a +0 club
f - a +0 club (weapon)
Found 4 gold pieces.
You now have 17 gold pieces (gained 4).
Your extra speed is starting to run out.
An endoplasm comes into view.
You feel yourself slow down.
The endoplasm quivers.
The endoplasm freezes you.
You are frozen.
Found a scroll labelled GEUHIZ FUFOM.
The endoplasm hits you but does no damage.
You hit the endoplasm but do no damage. The endoplasm hits you.
You hit the endoplasm but do no damage. The endoplasm freezes you.
You are frozen.
You hit the endoplasm.
The endoplasm is heavily wounded.
The endoplasm freezes you.
You are frozen.
The endoplasm hits you.
You hit the endoplasm.
The endoplasm is severely wounded.
The endoplasm hits you.
* * * LOW HITPOINT WARNING * * *
You hit the endoplasm.
You kill the endoplasm!
Found a fizzy ruby potion.
g - a scroll labelled GEUHIZ FUFOM An endoplasm comes into view.
The endoplasm quivers.
h - a fizzy ruby potion The endoplasm freezes you.
You are frozen.
* * * LOW HITPOINT WARNING * * *
The endoplasm freezes you.
You are frozen.
* * * LOW HITPOINT WARNING * * *
You hit the endoplasm but do no damage. The endoplasm hits you.
You die...

#..##
##.......##
## ###.###
##.....## #
#.....#
##...## #
#.#.#.#
##+## #
#.#.#.# #
#.#.###
#.....# #
###.#.##
#..@.#
#.#J.......
...#...###..
###.#.....
#.##..###
#.# ... #.#
.### #.. .#


You could see an endoplasm.

Vanquished Creatures
  An endoplasm (D:1)
  A giant cockroach (D:1)
  A goblin (D:1)
3 creatures vanquished.

Notes
Turn   | Place    | Note
-------+----------+-------------------------------------------
     0 | D:1      | Mickster the Demigod Wanderer began the quest for the Orb.
     0 | D:1      | Mickster set off with the following items: a +0 dagger, a
                  | potion of heal wounds, a +0 robe, a +0 cloak; and the
                  | following spells available to memorise: Necrotise, Sting,
                  | Poisonous Vapours, Vampiric Draining, Ignite Poison.
     0 | D:1      | Reached XP level 1. HP: 14/14 MP: 5/5
   159 | D:1      | Slain by an endoplasm

Illustrated notes

Levels and vault maps discovered:
D:1:      dpeg_arrival_round_a, layout_loops_corners, minmay_statues_item

Action                   || total
-------------------------++-------
Melee: Dagger            ||    10
       Club              ||     6
       Punch             ||     1
  Use: Potion            ||     2
 Stab: Sleeping          ||     1
Armor: Robe              ||     3
Dodge: Dodged            ||     8
